 Dungeon Crawl Stone Soup version 0.29-a0-369-gd956c00756 (webtiles) character file.

Game seed: 12762797245972201241

121 sammy202020 the Skirmisher (level 4, -4/38 HPs)
             Began as a Demonspawn Berserker on May 1, 2022.
             Was a Believer of Trog.
             Slain by Natasha (7 damage)
             ... on level 2 of the Dungeon.
             The game lasted 00:02:26 (1974 turns).

sammy202020 the Skirmisher (Demonspawn Berserker)   Turns: 1974, Time: 00:02:27

Health: -4/38      AC:  7    Str: 17    XL:     4   Next: 77%
Magic:  4/4        EV: 11    Int: 10    God:    Trog [**....]
Gold:   123        SH:  0    Dex: 13    Spells: 3/3 levels left

rFire   . . .      SeeInvis .   h - +0 war axe
rCold   . . .      Faith    .   (no shield)
rNeg    . . .      Spirit   .   o - +0 ring mail
rPois   .          Reflect  .   (no helmet)
rElec   .          Harm     .   f - +0 cloak
rCorr   .          Rampage  .   (no gloves)
Will    .....                   (no boots)
Stlth   +.........              c - amulet of the acrobat
HPRegen 0.12/turn               i - ring of flight
MPRegen 0.09/turn               (no ring)

@: flying, slowed, very slow
A: rugged brown scales 1, demonic touch 1
a: Renounce Religion, Berserk, Trog's Hand


You were on level 2 of the Dungeon.
You worshipped Trog.
Trog was pleased with you.
You visited 1 branch of the dungeon, and saw 2 of its levels.

You collected 123 gold pieces.

Inventory:

Hand Weapons
 a - a +0 hand axe
 h - a +0 war axe (weapon)
Armour
 f - a +0 cloak (worn)
 o - a +0 ring mail (worn)
Jewellery
 c - an amulet of the acrobat (around neck)
 i - a ring of flight (left hand)
Scrolls
 d - 5 scrolls of teleportation {unknown}
 e - 2 scrolls of identify {unknown}
 g - a scroll of enchant armour {unknown}
 j - a scroll of torment {unknown}
 l - 3 scrolls of noise {unknown}
 n - a scroll of enchant weapon {unknown}
 p - a scroll of blinking {unknown}
Potions
 b - a potion of berserk rage {unknown}
 k - a potion of flight {unknown}
 m - a potion of lignification {unknown}
 q - a potion of curing {unknown}


   Skills:
 * Level 3.9 Fighting
 * Level 3.6 Axes
 + Level 2.3 Armour
 + Level 2.4 Dodging
 * Level 0.6 Unarmed Combat


You had 3 spell levels left.
You didn't know any spells.
Your spell library was empty.

Dungeon Overview and Level Annotations

Branches:
Dungeon (2/15)

Altars:

Shops:
D:2 !

Annotations:
D:2 Natasha


Innate Abilities, Weirdness & Mutations

You are partially covered in rugged brown scales. (AC +1, +3% HP)
Your touch may inflict minor irresistible damage on your foes.


Message History

You are too injured to fight recklessly!
You are too injured to fight recklessly!
You are too injured to fight recklessly!
You are too injured to fight recklessly!
You are too injured to fight recklessly!
You are too injured to fight recklessly!
You are too injured to fight recklessly!
You are too injured to fight recklessly!
You are too injured to fight recklessly!
You are too injured to fight recklessly!
You are too injured to fight recklessly!
You are too injured to fight recklessly!
You are too injured to fight recklessly!
You are too injured to fight recklessly!
You are too injured to fight recklessly!
You are too injured to fight recklessly!
You are too injured to fight recklessly!
You are too injured to fight recklessly!
Unknown command.
You closely miss Natasha. Your touch misses Natasha.
Natasha is severely wounded.
Natasha casts a spell at you. The magic dart hits you.
You hit Natasha but do no damage.
Natasha is severely wounded.
Natasha claws you but does no damage.
You hit Natasha.
Natasha is severely wounded.
Natasha stares at you and mumbles some strange words.
You feel yourself slow down. Natasha claws you but does no damage.
You hit Natasha but do no damage.
Natasha is severely wounded.
Natasha claws you.
* * * LOW HITPOINT WARNING * * *
Natasha claws you.
* * * LOW HITPOINT WARNING * * *
You hit Natasha.
Natasha is almost dead.
Natasha closely misses you. Natasha claws you!
You die...

...#......#......#.....###.######
....<....)....#.##.....###.# #.
...##............#.###..##.# #.
......................#.#..#####.
#.#..###...........#..#.#......#.
.......#................#......#.
...........<.).....##'#..........
(...........)#...[..+∩+........#.
.............#.h@...#'#..#.#####.
.............##....).÷...#.## #.
............###..........#..# #.
..##...#.... ##..........#.# ##
.## ######.. #.....)....#.#####
## ..# ....#...#..........# .8#
..>.#.#............#
.....#.###........... .... #.
##..........


You could see Natasha (resistant).

Vanquished Creatures
  Jessica (D:2)
  Natasha (twice) (D:2)
  3 dart slugs
  A ball python (D:1)
  2 bats (D:1)
  2 endoplasms
  2 giant cockroaches (D:1)
  3 goblins
  6 hobgoblins
  4 jackals (D:1)
  2 quokkas (D:1)
  2 frilled lizards
  5 kobolds
  5 rats
40 creatures vanquished.

Notes
Turn   | Place    | Note
-------+----------+-------------------------------------------
     0 | D:1      | sammy202020 the Demonspawn Berserker began the quest for
                  | the Orb.
     0 | D:1      | Reached XP level 1. HP: 18/18 MP: 1/1
   283 | D:1      | Gained mutation: You are partially covered in rugged brown
                  | scales. (AC +1, +3% HP) [demonic ancestry]
   283 | D:1      | Reached XP level 2. HP: 18/24 MP: 2/2
  1154 | D:1      | Reached XP level 3. HP: 27/29 MP: 3/3
  1180 | D:1      | Reached ** piety under Trog
  1503 | D:2      | Noticed Natasha
  1508 | D:2      | Killed Natasha
  1643 | D:2      | Noticed Natasha
  1715 | D:2      | Killed Natasha
  1716 | D:2      | Gained mutation: Your touch may inflict minor irresistible
                  | damage on your foes. [demonic ancestry]
  1716 | D:2      | Reached XP level 4. HP: 28/38 MP: 4/4
  1848 | D:2      | Noticed Jessica
  1859 | D:2      | Killed Jessica
  1956 | D:2      | Found Leud's Distillery.
  1961 | D:2      | Noticed Natasha
  1974 | D:2      | Slain by Natasha

Illustrated notes

Levels and vault maps discovered:
D:1:      dpeg_arrival_leaves_temple_mockup, layout_loops_cross
D:2:      layout_rooms, serial_shops, nicolae_shop_statue_plus,
          nicolae_shop_behind_doors, minmay_tetromino_l2, uniq_jessica,
          uniq_natasha

Skill      XL: |  1  2 |
---------------+-------+-----
Dodging        | 2 |  2.4
Axes           | 3 |  3.6
Armour         | 2 |  2.3
Fighting       | |  3.9
Unarmed Combat | |  0.6

Action                   |  1- 3 |  4- 6 || total
-------------------------+-------+-------++-------
Melee: Hand axe          |    84 |       ||    84
       Punch             |     2 |     1 ||     3
       War axe           |    31 |    20 ||    51
       Touch             |       |     2 ||     2
Invok: Berserk           |     1 |       ||     1
 Stab: Sleeping          |     1 |       ||     1
Armor: Animal skin       |    33 |       ||    33
       Ring mail         |     5 |     8 ||    13
Dodge: Dodged            |    99 |    11 ||   110

Table legend: (Time is in decaauts)
 A = Elapsed time spent in this place.
 B = Non-inter-level travel time spent in this place.
 C = Inter-level travel time spent in this place.
 D = Time resting spent in this place.
 E = Time spent auto-exploring this place.
 F = Levels seen in this place.
 G = Mean time per level.
                   A        B        C        D        E       F      G
               +--------+--------+--------+--------+--------+-----+--------+
         Total |   2014 |   1962 |     52 |     34 |   1566 |   2 | 1007.0 |
       Dungeon |   2014 |   1962 |     52 |     34 |   1566 |   2 | 1007.0 |
               +--------+--------+--------+--------+--------+-----+--------+

Top non-repeatable levels by time:
     D:1: 1499 daAuts
     D:2: 515 daAuts
